 Dungeon Crawl Stone Soup version 0.25.1-8-g42b30a86e7 (webtiles) character file.

Game seed: 3986067671891403769

4806 Erymatos the Cleaver (level 10, -23/90 (91) HPs)
             Began as a Minotaur Berserker on Dec 1, 2020.
             Was an Elder of Trog.
             Annihilated by a white ugly thing (26 damage)
             ... on level 8 of the Dungeon.
             The game lasted 00:09:43 (8107 turns).

Erymatos the Cleaver (Minotaur Berserker)           Turns: 8107, Time: 00:09:43

HP:   -23/90 (91)   AC: 15    Str: 25    XL:     10   Next: 24%
MP:   9/9           EV: 10    Int:  4    God:    Trog [****..]
Gold: 596           SH:  0    Dex: 22    Spells: 9/9 levels left

rFire    . . .     SeeInvis .   D - +0 war axe
rCold    . . .     Gourm    .   (no shield)
rNeg     . . .     Faith    .   x - +0 plate armour
rPois    .         Spirit   .   (helmet restricted)
rElec    .         Reflect  .   E - +0 cloak
rCorr    .         Harm     .   (no gloves)
MR       .....                  (no boots)
Stlth    ..........             r - amulet of the acrobat
HPRegen  0.25/turn              a - +6 ring of dexterity
MPRegen  0.11/turn              b - +6 ring of dexterity

@: berserk cooldown, slowed, very slow
A: retaliatory headbutt, horns 2
a: Berserk, Trog's Hand, Brothers in Arms, Renounce Religion


You were on level 8 of the Dungeon.
You worshipped Trog.
Trog was greatly pleased with you.
You were not hungry.

You visited 1 branch of the dungeon, and saw 8 of its levels.

You collected 596 gold pieces.

Inventory:

Hand Weapons
 D - a +0 war axe (weapon)
Armour
 x - a +0 plate armour (worn)
 E - a +0 cloak (worn)
Jewellery
 a - a +6 ring of dexterity (left hand)
 b - a +6 ring of dexterity (right hand)
 d - an uncursed ring of stealth
 p - an uncursed ring of protection from magic
 r - an amulet of the acrobat (around neck)
Wands
 w - a wand of clouds (4)
 y - a wand of random effects (13)
Scrolls
 f - 4 scrolls of remove curse {unknown}
 i - 7 scrolls of identify {unknown}
 j - 2 scrolls of blinking {unknown}
 k - a scroll of fear {unknown}
 l - 6 scrolls of teleportation {unknown}
 m - 5 scrolls of magic mapping {unknown}
 n - a scroll of enchant armour {unknown}
 t - a scroll of immolation {unknown}
 z - a scroll of noise {unknown}
 B - a scroll of amnesia {unknown}
 H - a scroll of acquirement {unknown}
Potions
 e - 7 potions of curing {unknown}
 g - a potion of might
 q - a potion of lignification {unknown}
 u - a potion of brilliance {unknown}
 v - a potion of cancellation {unknown}
 A - a potion of invisibility {unknown}
 C - a potion of haste {unknown}
 G - 4 potions of heal wounds {unknown}
Comestibles
 c - 15 rations


   Skills:
 + Level 9.0 Fighting
 + Level 12.4 Axes
 + Level 9.8 Armour
 + Level 4.2 Dodging
 - Level 0.6 Stealth


You had 9 spell levels left.
You didn't know any spells.
Your spell library was empty.

Dungeon Overview and Level Annotations

Branches:
Dungeon (8/15)             Temple (0/1) D:4
   Lair: D:8-11

Altars:
Dithmenos
Gozag
Makhleb
Nemelex Xobeh
Ru
Sif Muna
Trog
Vehumet
Wu Jian

Shops:
D:6 }   D:8 :


Innate Abilities, Weirdness & Mutations

You reflexively headbutt those who attack you in melee.
You have a pair of horns on your head.


Message History

Unknown command.
Your ogre barely misses the white ugly thing.
The white ugly thing claws your ogre.
The white ugly thing freezes your ogre!!
Your ogre dies!
Your ogre's corpse disappears in a puff of smoke!
Unknown command.
You fail to use your ability.
Your skin stops crawling.
You feel less resistant to hostile enchantments.
The white ugly thing claws you. The white ugly thing freezes you!
* * * LOW HITPOINT WARNING * * *
A kobold comes into view.
It is wielding a +0 short sword of flaming.
Unknown command.
You slash the white ugly thing! You headbutt the white ugly thing.
The white ugly thing is lightly wounded.
The white ugly thing claws you!
* * * LOW HITPOINT WARNING * * *
The white ugly thing freezes you!!
You die...

#####.....##.. ......
#.....##)! ..[.5.
#..<..##.. .K##..
#####.....##.(##..##..#
..........##..........# ..
.......#####.)†.K.....##%.
..........# #.K# ....#
.......##.####(u####....#
............####@.....#
#########.#.####((....#
#.#...####..###
#..†..####).#####
#...#.....).......
######(...##.####.
.......?.....#
.............#
######.....#.#


You could see a white ugly thing and a kobold.

Vanquished Creatures
  The ghost of denis1488 the Fighter, a novice DsGl (D:7)
  Joseph (D:7)
  A kobold demonologist (D:8)
  Sigmund (D:5)
  A wyvern (D:8)
  Menkaure (D:5)
  2 sky beasts (D:8)
  An ice beast (D:8)
  2 necrophages
  2 phantoms
  3 ogres
  The ghost of Allula97 the Skirmisher, an amateur DsAK of Lugonu (D:3)
  2 centaurs (D:8)
  A crocodile (D:7)
  2 bullfrogs
  4 scorpions
  6 wights
  A howler monkey (D:8)
  A crimson imp (D:5)
  2 jellies
  6 quasits
  7 hounds
  2 bullfrog skeletons
  2 orc wizards
  2 iguanas
  7 worker ants
  3 hell rats (D:6)
  A killer bee zombie (D:7)
  A hound zombie (D:8)
  A howler monkey skeleton (D:5)
  11 adders
  4 river rats (D:6)
  2 shadow imps
  An ooze (D:3)
  2 worms
  4 dart slugs
  5 leopard geckos
  13 orcs
  8 giant cockroaches
  7 goblins
  14 hobgoblins
  6 jackals
  4 quokkas
  9 bats
  2 frilled lizards
  10 kobolds
  A leopard gecko zombie (D:7)
  A quokka skeleton (D:5)
  A quokka zombie (D:8)
  22 rats
195 creatures vanquished.

Vanquished Creatures (collateral kills)
  A steam dragon (D:8)
  An orc warrior (D:8)
  A crimson imp (D:8)
  A shadow imp (D:8)
  3 kobolds (D:8)
7 creatures vanquished.

Grand Total: 202 creatures vanquished

Notes
Turn   | Place    | Note
-------+----------+-------------------------------------------
     0 | D:1      | Erymatos the Minotaur Berserker began the quest for the
                  | Orb.
     0 | D:1      | Reached XP level 1. HP: 19/19 MP: 0/0
   202 | D:1      | Reached XP level 2. HP: 27/27 MP: 1/1
   366 | D:1      | Reached skill level 4 in Axes
   537 | D:1      | Found a sparkling altar of Nemelex Xobeh.
   836 | D:2      | Reached XP level 3. HP: 33/33 MP: 2/2
   913 | D:2      | Reached ** piety under Trog
  2049 | D:3      | Reached XP level 4. HP: 40/41 MP: 3/3
  2443 | D:3      | Found a transporter.
  2457 | D:3      | Noticed Allula97's ghost (amateur DsAK)
  2538 | D:3      | Found a faded altar of an unknown god.
  2548 | D:3      | Reached skill level 5 in Axes
  2726 | D:3      | Reached XP level 5. HP: 40/47 MP: 4/4
  2772 | D:3      | Found a transporter.
  3058 | D:3      | Reached skill level 5 in Fighting
  3060 | D:3      | Killed Allula97's ghost
  3061 | D:3      | Reached XP level 6. HP: 56/56 MP: 5/5
  3067 | D:3      | Reached skill level 6 in Axes
  3279 | D:4      | Found a staircase to the Ecumenical Temple.
  3309 | D:4      | Reached *** piety under Trog
  3503 | D:4      | Reached XP level 7. HP: 62/62 MP: 6/6
  3595 | D:4      | Found a sacrificial altar of Ru.
  3608 | D:4      | Found a sparkling altar of Nemelex Xobeh.
  3701 | D:4      | Found a shadowy altar of Dithmenos.
  3725 | D:4      | Reached skill level 7 in Axes
  3725 | D:4      | Reached skill level 5 in Armour
  3746 | D:4      | Found an opulent altar of Gozag.
  3966 | D:5      | Entered Level 5 of the Dungeon
  4182 | D:5      | Noticed Menkaure
  4187 | D:5      | Killed Menkaure
  4532 | D:5      | Reached XP level 8. HP: 47/70 MP: 7/7
  4908 | D:5      | Noticed Sigmund
  4917 | D:5      | Killed Sigmund
  4917 | D:5      | Reached skill level 8 in Axes
  5373 | D:6      | Found a bloodstained altar of Trog.
  5460 | D:6      | Found Getura's Gadget Shoppe.
  5474 | D:6      | Found a burning altar of Makhleb.
  5487 | D:6      | Found an ornate altar of the Wu Jian Council.
  5589 | D:6      | Found a radiant altar of Vehumet.
  6081 | D:6      | Found the +2 ratskin cloak {+Rats rPois rN+ Str-1 Int-1
                  | Dex+1}
  6085 | D:6      | Reached **** piety under Trog
  6085 | D:6      | Reached skill level 9 in Axes
  6672 | D:7      | Reached XP level 9. HP: 76/78 MP: 8/8
  6744 | D:7      | Found a transporter.
  6754 | D:7      | Found a transporter.
  6766 | D:7      | Noticed Joseph
  6780 | D:7      | Killed Joseph
  6780 | D:7      | Reached skill level 10 in Axes
  7056 | D:7      | Noticed denis1488's ghost (novice DsGl)
  7461 | D:7      | Found a shimmering blue altar of Sif Muna.
  7550 | D:7      | Killed denis1488's ghost
  7550 | D:7      | Reached skill level 11 in Axes
  7658 | D:8      | Found Kuown's Book Shop.
  8051 | D:8      | Reached XP level 10. HP: 87/89 MP: 9/9
  8073 | D:8      | Reached skill level 12 in Axes
  8080 | D:8      | Reached ***** piety under Trog
  8082 | D:8      | Identified the +5 war axe of Context {venom, *Noise Str+8
                  | Int+2}
  8102 | D:8      | Noticed a white ugly thing
  8107 | D:8      | HP: 3/90 [white ugly thing (9)]
  8107 | D:8      | Annihilated by a white ugly thing

Illustrated notes

Levels and vault maps discovered:
D:1:      onia_arrival_pyramid, layout_basic, nemelex_xobeh_ov_fountains_minmay
D:2:      layout_basic, chequers_serial_rivers_large_a
D:3:      layout_loops_ring, chequers_ecumenical_altar_simple_redux,
          first_ration, gammafunk_ghost_stat_death
D:4:      layout_basic, nicolae_gozag_cash_rules_everything_around_me,
          minitemple, minmay_temple_entry_metal_lava, minivault_27,
          grunt_dithmenos_shadows
D:5:      layout_basic, minmay_statues_item, uniq_menkaure, uniq_sigmund
D:6:      wander_guarded_unrand_ratskin, layout_loops_corners, bloody_makhleb,
          old_standard_altar, kennysheep_little_box, serial_shops,
          kennysheep_mini_moat, trog_hazing_becter
D:7:      layout_gridville, led_sif_pool, gammafunk_ghost_stat_death,
          uniq_joseph
D:8:      minmay_bloctagon, layout_basic, nicolae_overflow_hidden_temple,
          serial_shops, shop

Skill      XL: |  1  2  3  4  5  6  7  8  9 10 |
---------------+-------------------------------+-----
Fighting       | 4 5 6 8 9 |  9.0
Axes           | 4 5 6 7 9 11 12 | 12.4
Armour         | 3 4 6 8 9 |  9.8
Dodging        | 3 4 |  4.2
Stealth        | |  0.6

Action                   |  1- 3 |  4- 6 |  7- 9 | 10-12 || total
-------------------------+-------+-------+-------+-------++-------
Melee: Hand axe          |    77 |    92 |   143 |       ||   312
       Headbutt          |    11 |    25 |    79 |    10 ||   125
       War axe           |       |       |   143 |    19 ||   162
Invok: Berserk           |       |     2 |     4 |     1 ||     7
       Trog's Hand       |       |     1 |     1 |     1 ||     3
       Brothers in Arms  |       |       |       |     1 ||     1
  Eat: Chunk             |     4 |     7 |    18 |     2 ||    31
Armor: Animal skin       |     3 |       |       |       ||     3
       Ring mail         |    18 |    45 |       |       ||    63
       Chain mail        |       |    10 |    24 |       ||    34
       Scale mail        |       |     4 |       |       ||     4
       Plate armour      |       |       |   112 |    17 ||   129
Dodge: Dodged            |    57 |    74 |   140 |    35 ||   306
